 Dungeon Crawl Stone Soup version 0.29-a0-577-gafbf2c5d25 (webtiles) character file.

Game seed: 16000483789777612874

143 xian the Skirmisher (level 5, 0/46 HPs)
             Began as a Draconian Fighter on June 14, 2022.
             Slain by Grinder (4 damage)
             ... on level 4 of the Dungeon.
             The game lasted 00:08:21 (3447 turns).

xian the Skirmisher (Draconian Fighter)             Turns: 3447, Time: 00:08:21

Health: 0/46       AC:  6    Str: 20 (21) XL:     5   Next: 4%
Magic:  14/14      EV: 11    Int:  7 (8)  God:
Gold:   136        SH:  4    Dex:  6 (8)  Spells: 4/4 levels left

rFire   + . .      SeeInvis .   n - +2 mace (protect)
rCold   + + .      Faith    .   b - +0 buckler
rNeg    . . .      Spirit   .   (body armour unavailable)
rPois   +          Reflect  .   (helmet restricted)
rElec   +          Harm     .   (no cloak)
rCorr   +          Rampage  .   k - +0 pair of gloves
Will    .....                   (no boots)
Stlth   +.........              e - amulet of the acrobat
HPRegen 0.15/turn               m - ring of ice
MPRegen 0.14/turn               c - ring of magical power

@: resistant
A: AC +5, unfitting armour, cold-blooded, clumsy 1, fire resistance 1
a: no special abilities


You were on level 4 of the Dungeon.
You visited 1 branch of the dungeon, and saw 4 of its levels.

You collected 136 gold pieces.

Inventory:

Hand Weapons
 a - a +0 vorpal long sword
 n - a +2 mace of protection (weapon)
Armour
 b - a +0 buckler (worn)
 i - a +0 cloak
 k - a +0 pair of gloves (worn)
Jewellery
 c - a ring of magical power (right hand)
 e - an amulet of the acrobat (around neck)
 m - a ring of ice (left hand)
Potions
 d - a potion of magic
 f - 2 potions of attraction
 g - a potion of invisibility
 h - 4 potions of curing
 o - a potion of resistance


   Skills:
 + Level 4.0 Fighting
 + Level 3.1 Long Blades
 + Level 0.9 Maces & Flails
 + Level 3.3 Dodging
 + Level 1.4 Stealth
 + Level 3.4 Shields


You had 4 spell levels left.
You didn't know any spells.
Your spell library was empty.

Dungeon Overview and Level Annotations

Branches:
Dungeon (4/15)
 Temple: D:4-7

Altars:

Shops:
D:1 [

Annotations:
D:4 Grinder


Innate Abilities, Weirdness & Mutations

Your plain brown scales are hard. (AC +5)
You cannot fit into any form of body armour.
You are cold-blooded and may be slowed by cold attacks.
You are clumsy. (Dex -2)
Your flesh is heat resistant. (rF+)


Message History

There was something very wrong with that liquid.
You feel weakened.
You feel dopey.
You feel clumsy. Grinder gestures at you. You resist with significant effort.
You barely miss Grinder.
Grinder is lightly wounded.
Grinder says, "What is the universe for?"
Grinder hits you.
You writhe in agony.
Grinder closely misses you.
You hit Grinder.
Your weapon exudes an aura of protection.
Grinder is moderately wounded.
Grinder gestures at you. You resist with significant effort.
You hit Grinder.
Grinder is moderately wounded.
Grinder hits you!
You writhe in agony.
Grinder blinks!
Grinder gestures at you.
You suddenly lose the ability to move!
Grinder gestures at you.
You shrug off the repeated paralysis!
You can move again.
You aren't carrying any scrolls.
Found 11 gold pieces.
Grinder hits you.
You writhe in agony.
You see here a +0 cloak.
i - a +0 cloak Grinder hits you.
* * * LOW HITPOINT WARNING * * *
You writhe in agony.
* * * LOW HITPOINT WARNING * * *
You aren't carrying any scrolls.
(D) Dungeon
Where to? (Enter - D:3 @ (x,y), ? - help)
Okay, then.
Unknown command.
Unknown command.
Grinder hits you!
Keep equipping yourself?
* * * LOW HITPOINT WARNING * * *
You writhe in agony.
You die...

#.# #.# #..# # #.#
#..#.# #.# ####..#.
######.#####.......
#............# #..#
#.##.........#
#..#####.
#.#.####.####.......$
#...........@5.......
###............#####.
######.####..# .....
...# #.##.###...# #
#5# #...# ... ....#
.S. ..#.# #.. .#


You could see Grinder.

Vanquished Creatures
  An orc priest (D:3)
  Robin (D:3)
  2 adders
  2 worms (D:2)
  3 orcs (D:3)
  4 ball pythons
  12 bats
  6 endoplasms
  5 giant cockroaches
  11 goblins
  5 hobgoblins
  4 jackals (D:3)
  4 quokkas
  2 frilled lizards
  5 kobolds
  3 rats
70 creatures vanquished.

Notes
Turn   | Place    | Note
-------+----------+-------------------------------------------
     0 | D:1      | xian the Draconian Fighter began the quest for the Orb.
     0 | D:1      | Reached XP level 1. HP: 19/19 MP: 1/1
   283 | D:1      | Reached XP level 2. HP: 26/26 MP: 2/2
   292 | D:1      | Found a faded altar of an unknown god.
   327 | D:1      | You fall into a shaft and drop 1 floor!
   875 | D:1      | Found Xorif's Antique Armour Boutique.
  1273 | D:2      | Reached XP level 3. HP: 11/33 MP: 3/3
  2214 | D:3      | Reached skill level 1 in Stealth
  2214 | D:3      | Reached XP level 4. HP: 37/40 MP: 4/4
  2609 | D:3      | Noticed Robin
  2617 | D:3      | Reached skill level 4 in Fighting
  2621 | D:3      | Killed Robin
  3414 | D:4      | Noticed Grinder
  3420 | D:4      | Paralysed by Grinder for 3 turns
  3423 | D:4      | Gained mutation: You are clumsy. (Dex -2) [potion of
                  | mutation]
  3423 | D:4      | Gained mutation: You are dopey. (Int -2) [potion of
                  | mutation]
  3423 | D:4      | Gained mutation: You have a pair of small horns on your
                  | head. [potion of mutation]
  3424 | D:4      | Lost mutation: You are dopey. (Int -2) [potion of mutation]
  3424 | D:4      | Lost mutation: You have a pair of small horns on your head.
                  | [potion of mutation]
  3424 | D:4      | Gained mutation: Your flesh is heat resistant. (rF+)
                  | [potion of mutation]
  3428 | D:4      | Paralysed by Grinder for 3 turns
  3435 | D:4      | Reached XP level 5. HP: 37/46 MP: 5/5
  3441 | D:4      | Paralysed by Grinder for 3 turns
  3447 | D:4      | Slain by Grinder

Illustrated notes

Levels and vault maps discovered:
D:1:      lemuel_arrival_rhombus, layout_loops_ring,
          shapermc_ecumenical_altar_mp_ritualfount, serial_shops,
          nicolae_shop_advertising_works [nicolae_subvault_shop_adworks]
D:2:      layout_loops_ring, chequers_serial_rivers_room_a
D:3:      layout_loops_corners, chequers_decorated_corner, uniq_robin
D:4:      layout_loops_ring, chequers_temple_overflow_statue_of_worship,
          uniq_grinder, uniq_pikel

Skill      XL: |  1  2  3  4 |
---------------+-------------+-----
Dodging        | 3 |  3.3
Stealth        | 1 |  1.4
Long Blades    | 3 |  3.1
Fighting       | 4 |  4.0
Maces & Flails | |  0.9
Shields        | |  3.4

Action                   |  1- 3 |  4- 6 || total
-------------------------+-------+-------++-------
Melee: Long sword        |   132 |     5 ||   137
       Tailslap          |    11 |     7 ||    18
       Mace              |       |    66 ||    66
  Use: Scroll            |     7 |     4 ||    11
       Potion            |       |     6 ||     6
 Stab: Sleeping          |     3 |     3 ||     6
Armor: Skin              |    52 |    40 ||    92
Dodge: Dodged            |   160 |    60 ||   220
Block: Buckler           |    39 |    19 ||    58

Table legend: (Time is in decaauts)
 A = Elapsed time spent in this place.
 B = Non-inter-level travel time spent in this place.
 C = Inter-level travel time spent in this place.
 D = Time resting spent in this place.
 E = Time spent auto-exploring this place.
 F = Levels seen in this place.
 G = Mean time per level.
                   A        B        C        D        E       F      G
               +--------+--------+--------+--------+--------+-----+--------+
         Total |   3521 |   3403 |    118 |      0 |   2399 |   4 |  880.2 |
       Dungeon |   3521 |   3403 |    118 |      0 |   2399 |   4 |  880.2 |
               +--------+--------+--------+--------+--------+-----+--------+

Top non-repeatable levels by time:
     D:3: 1237 daAuts
     D:2: 1167 daAuts
     D:1: 1065 daAuts
     D:4: 50 daAuts
